 Dungeon Crawl Stone Soup version 0.21.0 (webtiles) character file.

78203 edsrzf the Crack Shot (level 15, -7/148 HPs)
             Began as a Centaur Wizard on Jan 11, 2018.
             Was the Champion of Okawaru.
             Mangled by an earth elemental (20 damage)
             ... summoned by a deep elf elementalist
             ... on level 1 of the Elven Halls on Jan 12, 2018.
             The game lasted 01:44:01 (31789 turns).

edsrzf the Crack Shot (Centaur Wizard)             Turns: 31789, Time: 01:44:01

Health: -7/148     AC: 27    Str: 17    XL:     15   Next: 17%
Magic:  33/33      EV:  8    Int: 21    God:    Okawaru [******]
Gold:   1266       SH:  0    Dex: 14    Spells: 17/26 levels left

rFire    + . .     SeeInvis .   a - +3 quarterstaff (chaos)
rCold    . . .     Gourm    .   (shield currently unavailable)
rNeg     . . .     Faith    .   s - +9 scale mail "Qugat" {+Inv Slay+4}
rPois    .         Spirit   .   E - +0 helmet
rElec    +         Reflect  .   m - +1 cloak
rCorr    .         Harm     .   G - +1 pair of gloves
MR       +++++                  D - +0 centaur barding of the Skies Above {*Corrode rElec rF+}
Stlth    ++........             Q - amulet of magic regeneration
HPRegen  0.34/turn              Y - ring "Dahacw" {+Inv MR++ MP+9 Str+3}
MPRegen  0.48/turn              O - ring of Umeeq {MR++ Int+4 Dex+2 Slay+2 Stlth+}

@: about to teleport, very quick
A: large, hooves 3, thin skeletal structure 1, deformed body, speed 2, robust 1,
tough skin 3
a: Heroism, Finesse, Renounce Religion, Evoke Invisibility


You were on level 1 of the Elven Halls.
You worshipped Okawaru.
Okawaru was exalted by your worship.
You were not hungry.

You visited 5 branches of the dungeon, and saw 25 of its levels.
You also visited: Labyrinth, Sewer and Bailey.

You collected 2049 gold pieces.
You spent 783 gold pieces at shops.

Inventory:

Hand Weapons
 a - a +3 quarterstaff of chaos (weapon)
 b - the +10 longbow of Bile {flame, rElec rN++ Str+5 Stlth-}
   (You acquired it on level 12 of the Dungeon)

   It causes projectiles fired from it to burn those they strike, causing extra
   injury to most foes and up to half again as much damage against particularly
   susceptible opponents.
   It affects your strength (+5).
   It insulates you from electricity.
   It greatly protects you from negative energy.
   It makes you less stealthy.
 x - a +0 dagger of venom
Missiles
 j - 627 arrows
Armour
 m - a +1 cloak (worn)
 s - the +9 scale mail "Qugat" (worn) {+Inv Slay+4}
   (You found it in a sewer)

   It affects your accuracy and damage with ranged weapons and melee attacks
   (+4).
   It lets you turn invisible.
 D - the +0 centaur barding of the Skies Above (worn) {*Corrode rElec rF+}
   (Okawaru gifted it to you on level 2 of the Orcish Mines)

   It protects you from fire.
   It insulates you from electricity.
   It may corrode you when you take damage.
 E - a +0 helmet (worn)
 G - a +1 pair of gloves (worn)
 Z - a scarf of cloud immunity
Jewellery
 c - the ring "Meik Ytt" {MR+ Dex+2 Stlth+}
   (You found it in a labyrinth)

   [ring of protection from magic]

   It affects your dexterity (+2).
   It affects your resistance to hostile enchantments.
   It makes you more stealthy.
 N - an uncursed ring of protection from fire
 O - the ring of Umeeq (right hand) {MR++ Int+4 Dex+2 Slay+2 Stlth+}
   (You bought it in a shop on level 9 of the Dungeon)

   [ring of dexterity]

   It affects your intelligence (+4).
   It affects your dexterity (+2).
   It affects your accuracy and damage with ranged weapons and melee attacks
   (+2).
   It affects your resistance to hostile enchantments.
   It makes you more stealthy.
 Q - an amulet of magic regeneration (around neck)
 S - an uncursed ring of protection from magic
 V - an uncursed ring of wizardry
 Y - the ring "Dahacw" (left hand) {+Inv MR++ MP+9 Str+3}
   (You found it on level 14 of the Dungeon)

   [ring of magical power]

   It affects your strength (+3).
   It affects your resistance to hostile enchantments.
   It affects your magic capacity (+9).
   It lets you turn invisible.
Wands
 z - a wand of flame (64)
 H - a wand of iceblast (22)
 J - a wand of paralysis (17)
 R - a wand of disintegration (20)
 T - a wand of enslavement (16)
 W - a wand of random effects (20)
Scrolls
 e - 2 scrolls of summoning
 f - a scroll of fog
 o - 7 scrolls of teleportation {@r3}
 p - a scroll of enchant armour
 r - 4 scrolls of fear
 u - 11 scrolls of remove curse {@r2}
 w - 3 scrolls of amnesia
 A - 3 scrolls of magic mapping
 B - 4 scrolls of enchant weapon
 K - a scroll of blinking
 P - a scroll of brand weapon
Potions
 h - 7 potions of brilliance
 i - 5 potions of magic
 k - 4 potions of might
 l - a potion of invisibility
 q - a potion of heal wounds
 t - 3 potions of mutation {!q}
 v - 2 potions of flight
 C - 5 potions of curing
 F - 4 potions of resistance
 L - 2 potions of agility
 M - 2 potions of lignification
 X - 3 potions of haste
Books
 g - a book of the Dragon
 n - a book of Air
 y - a book of Minor Magic
 I - a book of Geomancy
 U - a book of Frost
Comestibles
 d - 50 rations


   Skills:
 + Level 13.0 Fighting
 - Level 21.0 Bows
 - Level 3.7 Throwing
 + Level 6.2 Armour
 + Level 4.6 Dodging
 - Level 1.3 Stealth
 - Level 6.0 Spellcasting
 - Level 4.3 Conjurations
   Level 0.8 Summonings
 - Level 4.0 Translocations
 - Level 2.2 Fire Magic
 - Level 2.1 Air Magic
 - Level 2.1 Poison Magic
 - Level 6.0 Invocations


You had 17 spell levels left.
You knew the following spells:

 Your Spells              Type           Power        Failure   Level  Hunger
b - Blink                 Tloc           N/A          9%          2    None
f - Conjure Flame         Conj/Fire      ###.....     22%         3    ##.....
x - Magic Dart            Conj           ###.         4%          1    None
C - Mephitic Cloud        Conj/Pois/Air  ###.....     26%         3    ##.....


Dungeon Overview and Level Annotations

Branches:
Dungeon (15/15)            Temple (1/1) D:4            Lair (6/6) D:9
  Swamp (0/4) Lair:3       Spider (0/4) Lair:2        Slime (0/5) Lair:5
    Orc (2/2) D:11            Elf (1/3) Orc:2        Vaults (0/5) D:13
 Depths (0/5) D:15

Altars:
Ashenzari
Cheibriados
Dithmenos
Elyvilon
Fedhas
Gozag
Hepliaklqana
Kikubaaqudgha
Makhleb
Nemelex Xobeh
Okawaru
Qazlal
Ru
Sif Muna
Trog
Uskayaw
Vehumet
Wu Jian
Yredelemnul
Zin
The Shining One
Beogh

Shops:
D:6 (:   D:8 *   D:9 =:   D:12 ?   Orc:2 *[}!*

Portals:
Trove: D:13 (give 6 scrolls of blinking)

Annotations:
Lair:2 exclusion: oklob plant
Lair:4 exclusion: oklob plant


Innate Abilities, Weirdness & Mutations

You have hooves in place of feet.
Armour fits poorly on your strangely shaped body.
You cover ground very quickly.
You have extremely tough skin. (AC +3)
You have a somewhat thin skeletal structure. (Dex +2, Stealth)
You are robust. (+10% HP)


Message History

Your +3 quarterstaff of chaos is briefly surrounded by a scintillating aura of random colours.
a - a +3 quarterstaff of chaos (weapon)
The deep elf knight unwields an uncursed shortbow.
The deep elf knight wields an uncursed short sword.
The deep elf knight hits you but does no damage.
The earth elemental hits you!! The earth elemental closely misses you.
You closely miss the deep elf knight.
The deep elf knight is almost dead.
The deep elf knight hits you but does no damage.
The earth elemental hits you but does no damage.
The deep elf knight hits you with an uncursed short sword.
The earth elemental hits you. x2
The earth elemental hits you but does no damage.
A flail of venom comes into view.
You hit the deep elf knight. Your kick misses the deep elf knight.
The deep elf knight is almost dead.
The deep elf knight hits you but does no damage.
The earth elemental hits you!
* * * LOW HITPOINT WARNING * * *
Unknown command.
The earth elemental hits you but does no damage.
The deep elf mage mumbles some strange words.
The deep elf mage blinks!
The earth elemental hits you but does no damage.
The deep elf elementalist points at you and mumbles some strange words.
Some walls begin to move on their own!
The deep elf knight unwields an uncursed short sword.
The deep elf knight wields an uncursed shortbow.
The deep elf knight shoots an arrow.
The arrow hits you but does no damage.
You see here an arrow.
The earth elemental disappears in a puff of smoke!
The deep elf knight shoots an arrow.
The arrow hits you but does no damage.
The deep elf archer unwields an uncursed dagger.
The deep elf archer wields an uncursed shortbow.
The deep elf archer shoots an arrow.
The arrow hits you!
* * * LOW HITPOINT WARNING * * *
There is a stone staircase leading down, spattered with blood here.
You see here 2 arrows.
The deep elf knight shoots an arrow.
The arrow hits you!
* * * LOW HITPOINT WARNING * * *
You see here an arrow.
You open the door.
The deep elf archer shoots an arrow.
The arrow hits you.
* * * LOW HITPOINT WARNING * * *
There is an open door here.
The deep elf knight shoots an arrow.
The arrow hits you but does no damage.
You see here an arrow.
You close the door.
There is an open door here.
You close the door.
You hear rumbling.
Something unseen opens the door.
There is an open door here.
You close the door.
You hear rumbling.
You hear rumbling.
There is an open door here.
A deep elf mage comes into view. It is wielding a long sword.
The deep elf mage shouts!
You hear rumbling.
You sock the deep elf mage!
The deep elf mage suddenly stops moving!
You kick the deep elf mage!
The deep elf mage is heavily wounded.
The helpless deep elf mage fails to defend itself.
You sock the deep elf mage! You freeze the deep elf mage.
The deep elf mage is almost dead.
Some walls begin to move on their own!
You hear a shout! x4
The helpless deep elf mage fails to defend itself.
You bludgeon the deep elf mage!!
You kill the deep elf mage!
Okawaru accepts your kill.
You hear rumbling.
You hear rumbling.
The earth elemental hits you!!
* * * LOW HITPOINT WARNING * * *
Press: ? - help, v - describe, . - travel
Here: an earth elemental (summoned)
The floor.
Unknown command.
The deep elf elementalist points at you and mumbles some strange words.
Some walls begin to move on their own!
A deep elf mage comes into view. It is wielding a rapier of venom.
The deep elf mage shouts!
Found 41 gold pieces. 3 deep elf magi come into view.
You feel much better.
Okay, then.
As you read the scroll of teleportation {@r3}, it crumbles to dust.
You feel strangely unstable.
You feel much better. The earth elemental hits you.
* * * LOW HITPOINT WARNING * * *
You hit the earth elemental.
You kick the earth elemental, but do no damage.
The earth elemental is lightly damaged.
The deep elf elementalist gestures at you while chanting.
The freezing blast engulfs you!
* * * LOW HITPOINT WARNING * * *
The deep elf elementalist casts a spell at you.
Some walls begin to move on their own!
The earth elemental hits you!!
You die...

#.##.## #.#
E.###.## #.#
#E# ##.##
#.# #E#
##.## #.#
#e# ##.##
#.# ###.#
##.###'# #
##§#§#
##+...###.
#eEE§#
##.....#'#
#+§#@#
##.......##
...#.#
#......[..#
e......E
#...)....e'
...........
#.........#
..##e''##..#
##.......##
♣ .... #♣#
##.....##
#$... ###
##...## ##..
#.## ##'## #
##)## #.# ##


You could see a deep elf elementalist, 6 earth elementals and a deep elf mage.

Vanquished Creatures
  A stone giant (Orc:2)
  The ghost of enarc13 the Cleaver, a journeyman DDFi of Makhleb (D:13)
  The ghost of tuf08440 the Geomancer, a journeyman DrEE of Vehumet (Lair:1)
  A minotaur (Lab)
  3 hydras
  5 two-headed ogres
  The ghost of MrDizzy the Basher, a novice DrBe of Trog (D:9)
  A dancing weapon (Elf:1)
  5 centaur warriors
  The ghost of dsb250 the Cleaver, a journeyman VSBe of Trog (D:11)
  A death yak (Lair:2)
  5 orc high priests (Orc:2)
  2 deep elf knights (Elf:1)
  12 skeletal warriors
  2 wizards (D:13)
  3 unseen horrors
  A shadow dragon zombie (D:15)
  2 necromancers
  11 orc knights
  25 ugly things
  2 orc sorcerers (Orc:2)
  8 deep elf magi
  A phantasmal warrior (D:15)
  A faun (Lair:2)
  2 cyclopes
  5 slime creatures (D:15)
  2 centaur zombies (D:15)
  6 elephants (Lair:4)
  3 black mambas
  A black mamba (shapeshifter) (D:15)
  Joseph (D:9)
  2 gargoyles (D:14)
  6 spiny frogs
  An efreet (D:14)
  2 rime drakes
  A spriggan zombie (D:15)
  A kobold demonologist (D:15)
  3 komodo dragons (Lair:2)
  6 trolls
  A jumping spider (Lair:2)
  A polar bear (Lair:4)
  A wind drake (Lair:3)
  13 dream sheep (Lair:4)
  9 blink frogs (Lair:5)
  A hornet (D:13)
  4 hippogriffs
  A fire dragon zombie (D:15)
  A water elemental (D:15)
  An ice dragon skeleton (D:15)
  A spriggan (Lair:2)
  A vampire (D:13)
  31 yaks
  3 wyverns
  4 vampire mosquitoes (D:13)
  3 hungry ghosts
  6 basilisks
  3 wargs
  A harpy simulacrum (D:15)
  4 acid dragons
  10 water moccasins
  4 swamp worms (Lair:3)
  Duvessa (D:4)
  48 orc warriors
  6 porcupines
  Purgy (Sewer)
  2 sky beasts
  A phantom (D:8)
  4 black bears
  A necrophage (D:6)
  3 ice beasts
  8 wolves
  17 centaurs
  9 ogres
  4 crocodiles
  4 big kobolds
  25 bullfrogs
  A wyvern skeleton (D:14)
  Dowan (D:4)
  3 scorpions
  23 killer bees
  11 wights
  A howler monkey (D:6)
  2 electric eels
  2 crimson imps
  A quasit (D:10)
  A bullfrog zombie (D:5)
  3 bullfrog skeletons
  10 hounds
  34 orc priests
  5 centaur skeletons
  2 gnoll shamans
  5 jellies
  31 orc wizards
  Crazy Yiuf (D:2)
  2 iguanas
  8 worker ants
  A polar bear simulacrum (Lair:3)
  3 yak simulacra (Lair:3)
  2 wolf simulacra (Lair:3)
  A hound skeleton (D:4)
  A worker ant zombie (D:5)
  13 adders
  34 gnolls
  A howler monkey skeleton (D:7)
  2 shadow imps
  2 oozes
  An adder zombie (D:5)
  An adder skeleton (D:5)
  5 worms
  3 dart slugs
  2 leopard geckos
  119 orcs
  3 ball pythons
  6 bats
  8 giant cockroaches
  6 goblins
  14 hobgoblins
  7 jackals
  6 quokkas
  7 frilled lizards
  33 kobolds
  8 rats
  5 river rat simulacra (Lair:3)
  A spectral orc (D:5)
  A plant (Lair:2)
819 creatures vanquished.

Vanquished Creatures (collateral kills)
  A two-headed ogre (D:10)
  A centaur (D:13)
  A scorpion (D:9)
  A bullfrog skeleton (D:10)
  An orc (D:9)
  2 kobolds (D:10)
7 creatures vanquished.

Vanquished Creatures (others)
  2 orc wizards (D:4)
  A hexer (D:9)
  A quokka (D:3)
  2 ancestors (D:2)
  15 fungi
  9 plants
30 creatures vanquished.

Grand Total: 856 creatures vanquished

Notes
Turn   | Place    | Note
-------+----------+-------------------------------------------
     0 | D:1      | edsrzf the Centaur Wizard began the quest for the Orb.
     0 | D:1      | Reached XP level 1. HP: 14/14 MP: 3/3
    88 | D:1      | Reached skill level 1 in Conjurations
   356 | D:1      | Reached XP level 2. HP: 20/20 MP: 1/5
  1171 | D:2      | Reached skill level 1 in Throwing
  1175 | D:2      | Reached skill level 1 in Fighting
  1258 | D:2      | Found a runed door.
  1262 | D:2      | Noticed Crazy Yiuf
  1372 | D:2      | Reached XP level 3. HP: 28/28 MP: 1/6
  1814 | D:2      | Found a hazy altar of Hepliaklqana.
  1835 | D:2      | Became a worshipper of Hepliaklqana the Forgotten
  2038 | D:3      | Reached skill level 2 in Throwing
  2139 | D:3      | Found a white marble altar of Elyvilon.
  2158 | D:3      | Reached skill level 2 in Fighting
  2158 | D:3      | Reached XP level 4. HP: 10/32 MP: 1/7
  2909 | D:4      | Found a staircase to the Ecumenical Temple.
  3010 | D:4      | You fall through a shaft for 3 floors!
  3066 | D:7      | Noticed a bullfrog
  3077 | D:7      | Identified 3 scrolls of teleportation
  3080 | D:7      | Noticed a centaur
  3081 | D:7      | Noticed a hungry ghost
  3111 | D:7      | Noticed a bullfrog
  3258 | D:7      | Reached skill level 3 in Throwing
  3294 | D:7      | Killed a centaur
  3294 | D:7      | Reached skill level 3 in Fighting
  3294 | D:7      | Reached XP level 5. HP: 23/40 MP: 3/8
  3481 | D:6      | Noticed an ice beast
  3484 | D:6      | Found a glowing drain.
  3512 | Sewer    | Entered a sewer
  3650 | Sewer    | Identified 2 scrolls of identify
  3650 | Sewer    | Identified a potion of might
  3651 | Sewer    | Identified a potion of brilliance
  3665 | Sewer    | Got a steaming ring mail
  3676 | Sewer    | Identified the +3 ring mail of Lyifuukea {MR+ Str+3 Int-2} (You found it in a sewer)
  3707 | Sewer    | Noticed Purgy
  3725 | Sewer    | Killed Purgy
  3725 | Sewer    | Reached skill level 2 in Bows
  3725 | Sewer    | Reached skill level 2 in Conjurations
  3725 | Sewer    | Reached XP level 6. HP: 45/45 MP: 9/9
  3910 | Sewer    | Got an ichor-stained scale mail
  3935 | Sewer    | Identified the +9 scale mail "Qugat" {+Inv Slay+4} (You found it in a sewer)
  4023 | D:6      | Reached skill level 3 in Bows
  4184 | D:5      | Entered Level 5 of the Dungeon
  4184 | D:5      | Noticed a sky beast
  4186 | D:5      | Found a basalt altar of Yredelemnul.
  4256 | D:4      | Identified a potion of invisibility
  4275 | D:4      | Reached skill level 4 in Bows
  4477 | D:3      | Reached * piety under Hepliaklqana
  4617 | D:3      | Reached skill level 5 in Bows
  4617 | D:3      | Reached XP level 7. HP: 37/51 MP: 10/10
  4630 | D:3      | Identified 2 scrolls of remove curse
  5139 | D:3      | Reached skill level 6 in Bows
  5334 | D:2      | Paralysed by Crazy Yiuf for 3 turns
  5343 | D:2      | Killed Crazy Yiuf
  5550 | D:4      | Reached skill level 7 in Bows
  5721 | D:4      | Noticed Duvessa
  5734 | D:4      | Noticed Dowan
  5739 | D:4      | Killed Duvessa
  5739 | D:4      | Reached skill level 8 in Bows
  5749 | D:4      | Killed Dowan
  5826 | D:4      | Identified a potion of magic
  5880 | D:4      | Reached skill level 9 in Bows
  5880 | D:4      | Reached XP level 8. HP: 56/56 MP: 11/11
  5967 | D:4      | Found a deep blue altar of Sif Muna.
  6085 | D:4      | Found a shattered altar of Ashenzari.
  6262 | D:5      | Reached skill level 10 in Bows
  6393 | D:5      | Reached skill level 11 in Bows
  6578 | D:5      | Identified a potion of degeneration
  6743 | D:5      | Found a snail-covered altar of Cheibriados.
  6781 | D:5      | Found a basalt altar of Yredelemnul.
  6859 | D:6      | Identified 2 potions of resistance
  6947 | D:6      | Reached skill level 1 in Armour
  6959 | D:6      | Reached skill level 4 in Fighting
  7107 | D:6      | Found Ygrisom's Antique Weapon Emporium.
  7447 | D:6      | Reached XP level 9. HP: 12/63 MP: 12/12
  7859 | D:6      | Reached skill level 2 in Armour
  7894 | D:6      | Reached ** piety under Hepliaklqana
  7927 | D:6      | Remembered your ancestor Imgur-Sin as a hexer
  8042 | D:6      | Found Tuylexyun's Book Emporium.
  8223 | D:7      | Reached skill level 12 in Bows
  8246 | D:7      | Reached skill level 5 in Fighting
  8286 | D:7      | Reached skill level 3 in Armour
  8322 | D:7      | Identified a potion of mutation
  8397 | D:7      | Got an ichor-stained shield
  8469 | D:7      | Identified a potion of flight
  8498 | D:7      | Reached skill level 6 in Fighting
  8768 | D:8      | Identified a potion of curing
  8834 | D:8      | Found Munom's General Store.
  8888 | D:8      | Found an ornate altar of the Wu Jian Council.
  9097 | D:8      | Reached skill level 4 in Armour
  9270 | D:8      | Noticed a two-headed ogre
  9309 | D:8      | Killed a two-headed ogre
  9309 | D:8      | Reached skill level 7 in Fighting
  9309 | D:8      | Reached skill level 13 in Bows
  9309 | D:8      | Reached XP level 10. HP: 76/76 MP: 13/13
  9503 | D:8      | Reached *** piety under Hepliaklqana
  9843 | D:9      | Found a burning altar of Makhleb.
 10094 | D:9      | Found an opulent altar of Gozag.
 10134 | D:9      | Noticed a two-headed ogre
 10157 | D:9      | Killed a two-headed ogre
 10202 | D:9      | Reached skill level 8 in Fighting
 10240 | D:9      | Noticed MrDizzy's ghost (novice DrBe)
 10254 | D:8      | Reached skill level 14 in Bows
 10294 | D:9      | Found Joimmu's Book Shop.
 10797 | D:9      | Reached skill level 1 in Invocations
 11106 | D:9      | Found a staircase to the Lair.
 11126 | D:9      | Noticed Joseph
 11149 | D:9      | Killed Joseph
 11149 | D:9      | Reached skill level 2 in Invocations
 11234 | D:9      | Killed MrDizzy's ghost
 11234 | D:9      | Reached skill level 9 in Fighting
 11234 | D:9      | Reached skill level 3 in Invocations
 11308 | D:9      | Found a blossoming altar of Fedhas.
 11383 | D:9      | Found Powkidwo's Jewellery Boutique.
 11404 | D:9      | You fall through a shaft!
 11404 | D:10     | Entered Level 10 of the Dungeon
 11419 | D:10     | Reached skill level 4 in Invocations
 11470 | D:10     | Reached XP level 11. HP: 82/87 MP: 14/14
 11512 | D:10     | Noticed a two-headed ogre
 11521 | D:10     | Killed a two-headed ogre
 11549 | D:10     | Identified a potion of agility
 11567 | D:10     | Identified the +6 shield of Altruism {-Cast rF+++ Str+2 SInv} (You found it on level 7 of the Dungeon)
 11585 | D:10     | Reached skill level 5 in Invocations
 11599 | D:10     | Identified a potion of lignification
 11754 | D:10     | Reached **** piety under Hepliaklqana
 12242 | D:9      | Bought the ring of Umeeq {MR++ Int+4 Dex+2 Slay+2 Stlth+} for 595 gold pieces
 12635 | Temple   | Entered the Ecumenical Temple
 12664 | Temple   | Fell from the grace of Hepliaklqana
 12664 | Temple   | Became a worshipper of Warmaster Okawaru
 12805 | Lair:1   | Entered Level 1 of the Lair of Beasts
 13113 | Lair:1   | Found a radiant altar of Vehumet.
 13160 | Lair:1   | Noticed tuf08440's ghost (journeyman DrEE)
 13513 | Lair:1   | Reached * piety under Okawaru
 13583 | Lair:1   | Killed tuf08440's ghost
 13751 | Lair:2   | Noticed Nergalle
 14418 | Lair:2   | Noticed an oklob plant
 14742 | Lair:2   | Reached ** piety under Okawaru
 14853 | Lair:2   | Identified a potion of berserk rage
 14896 | Lair:2   | Found a hole to the Spider Nest.
 14896 | Lair:2   | Noticed an orb spider
 14899 | Lair:2   | an orb spider changed into a jumping spider
 15332 | Lair:2   | Noticed a death yak
 15342 | Lair:2   | Killed a death yak
 15445 | Lair:2   | Noticed Nergalle
 15445 | Lair:2   | Nergalle changed into Nergalle the faun
 15452 | Lair:2   | Killed Nergalle the faun
 15675 | Lair:3   | Reached *** piety under Okawaru
 15704 | Lair:3   | Received a gift from Okawaru
 15908 | Lair:3   | Noticed a necromancer
 15924 | Lair:3   | Killed a necromancer
 16746 | Lair:3   | Reached **** piety under Okawaru
 16967 | Lair:3   | Found a staircase to the Swamp.
 18109 | Lair:4   | Received a gift from Okawaru
 18345 | Lair:4   | Reached ***** piety under Okawaru
 18349 | Lair:4   | Received a gift from Okawaru
 19112 | Lair:4   | Received a gift from Okawaru
 19419 | Lair:4   | Was forgiven by Hepliaklqana
 19425 | Lair:4   | Received a gift from Okawaru
 19425 | Lair:4   | Reached skill level 10 in Fighting
 19613 | Lair:4   | Noticed an oklob plant
 19649 | Lair:4   | Reached skill level 6 in Invocations
 20268 | Lair:5   | Reached skill level 2 in Dodging
 20436 | Lair:5   | Received a gift from Okawaru
 20869 | Lair:5   | Received a gift from Okawaru
 20869 | Lair:5   | Reached skill level 3 in Dodging
 21290 | Lair:5   | Identified a potion of haste
 21524 | Lair:5   | Reached skill level 5 in Armour
 21584 | Lair:5   | Found a staircase to the Slime Pits.
 21727 | Lair:6   | Entered Level 6 of the Lair of Beasts
 21859 | Lair:6   | Identified 5 scrolls of immolation
 21867 | Lair:6   | Noticed a six-headed hydra
 22344 | D:11     | Reached ****** piety under Okawaru
 22390 | D:11     | Received a gift from Okawaru
 22432 | D:11     | Learned a level 2 spell: Blink
 22436 | D:11     | Learned a level 3 spell: Conjure Flame
 22440 | D:11     | Learned a level 3 spell: Mephitic Cloud
 22554 | D:11     | Found a staircase to the Orcish Mines.
 22650 | D:11     | Killed an unseen horror
 22650 | D:11     | Reached skill level 11 in Fighting
 22668 | D:11     | Noticed a two-headed ogre
 22676 | D:11     | Killed a two-headed ogre
 22676 | D:11     | Reached skill level 3 in Conjurations
 22676 | D:11     | Reached skill level 1 in Air Magic
 22676 | D:11     | Reached XP level 12. HP: 110/110 MP: 16/16
 22677 | D:11     | Noticed a six-headed hydra
 22688 | D:11     | Killed a six-headed hydra
 22688 | D:11     | Reached skill level 3 in Spellcasting
 22743 | D:11     | Noticed dsb250's ghost (journeyman VSBe)
 22756 | D:11     | Killed dsb250's ghost
 22756 | D:11     | Reached skill level 2 in Air Magic
 23389 | D:12     | Identified 4 scrolls of amnesia
 23390 | D:12     | Identified 4 scrolls of magic mapping
 23395 | D:12     | Reached skill level 1 in Fire Magic
 23447 | D:12     | Found a flagged portal.
 23455 | Bailey   | Entered a bailey
 23655 | Bailey   | Identified 2 scrolls of enchant weapon
 23656 | Bailey   | Identified 2 scrolls of fog
 23657 | Bailey   | Identified 2 scrolls of enchant armour
 23658 | Bailey   | Identified 2 scrolls of noise
 23659 | Bailey   | Identified 2 scrolls of fear
 23918 | Bailey   | Reached skill level 4 in Conjurations
 24212 | D:12     | Reached skill level 2 in Fire Magic
 24290 | D:12     | Identified a scroll of blinking
 24291 | D:12     | Identified 2 scrolls of acquirement
 24296 | D:12     | Got a twisted longbow
 24297 | D:12     | Identified the +10 longbow of Bile {flame, rElec rN++ Str+5 Stlth-} (You acquired it on level 12 of the Dungeon)
 24470 | D:12     | Identified a scroll of vulnerability
 24574 | D:12     | Received a gift from Okawaru
 24574 | D:12     | Reached skill level 15 in Bows
 24715 | D:12     | Received a gift from Okawaru
 24775 | D:12     | Found Vuklum's Magic Scroll Shop.
 24782 | D:12     | Bought a scroll of identify for 28 gold pieces
 24782 | D:12     | Identified a scroll of summoning
 24889 | D:13     | Reached skill level 16 in Bows
 24971 | D:13     | Found a labyrinth entrance.
 25012 | D:13     | Gained mutation: You are robust. (+10% HP) [potion of mutation]
 25012 | D:13     | Gained mutation: You have a somewhat thin skeletal structure. (Dex +2, Stealth) [potion of mutation]
 25017 | Lab      | Entered a labyrinth
 25422 | Lab      | Noticed a minotaur
 25429 | Lab      | Killed a minotaur
 25429 | Lab      | Reached XP level 13. HP: 110/127 MP: 18/18
 25458 | Lab      | Got a steaming marble ring
 25460 | Lab      | Identified the ring "Meik Ytt" {MR+ Dex+2 Stlth+} (You found it in a labyrinth)
 25796 | D:13     | Reached skill level 17 in Bows
 25844 | D:13     | Found a portal to a secret trove of treasure.
 25986 | D:13     | Noticed enarc13's ghost (journeyman DDFi)
 25999 | D:13     | Killed enarc13's ghost
 25999 | D:13     | Received a gift from Okawaru
 26753 | D:13     | Found a gate to the Vaults.
 26773 | D:13     | Reached skill level 18 in Bows
 26916 | Orc:1    | Entered Level 1 of the Orcish Mines
 27012 | Orc:2    | Entered Level 2 of the Orcish Mines
 27012 | Orc:2    | Noticed a stone giant
 27018 | Orc:2    | Killed a stone giant
 27334 | Orc:2    | Found Geps's Assorted Antiques.
 27494 | Orc:2    | Reached skill level 19 in Bows
 27580 | Orc:2    | Found a roughly hewn altar of Beogh.
 27580 | Orc:2    | Noticed an orc warlord
 27601 | Orc:2    | Found a radiant altar of Vehumet.
 27635 | Orc:2    | Found a staircase to the Elven Halls.
 27905 | Orc:2    | Received a gift from Okawaru
 27913 | Orc:2    | Got a smoking longbow {god gift}
 27919 | Orc:2    | Identified the +5 longbow of Ebyn {venom, Dex+4} (Okawaru gifted it to you on level 2 of the Orcish Mines)
 27927 | Orc:2    | Reached skill level 20 in Bows
 28014 | Orc:2    | Received a gift from Okawaru
 28014 | Orc:2    | Reached XP level 14. HP: 133/136 MP: 19/19
 28023 | Orc:2    | Got a spiked centaur barding {god gift}
 28029 | Orc:2    | Identified the +0 centaur barding of the Skies Above {*Corrode rElec rF+} (Okawaru gifted it to you on level 2 of the Orcish Mines)
 28115 | Orc:2    | Found Zargh's Assorted Antiques.
 28118 | Orc:2    | Found Pyirhad's Gadget Boutique.
 28119 | Orc:2    | Found Mauphots's Antique Armour Shop.
 28120 | Orc:2    | Found Ratu's Distillery.
 28127 | Orc:2    | Bought a scroll labeled SINNOCI QUUNIX for 32 gold pieces
 28127 | Orc:2    | Bought 2 scrolls of identify for 128 gold pieces
 28754 | D:14     | Reached skill level 21 in Bows
 28790 | D:14     | Found an ornate altar of the Wu Jian Council.
 28820 | D:14     | Reached skill level 4 in Spellcasting
 28832 | D:14     | Reached skill level 1 in Poison Magic
 29074 | D:14     | Identified the ring "Dahacw" {+Inv MR++ MP+9 Str+3} (You found it on level 14 of the Dungeon)
 29262 | D:14     | Reached skill level 2 in Poison Magic
 29269 | D:14     | Reached skill level 1 in Translocations
 29371 | D:14     | Reached skill level 12 in Fighting
 29571 | D:14     | Reached skill level 2 in Translocations
 29593 | D:14     | Reached skill level 5 in Spellcasting
 29862 | D:14     | Found a glowing golden altar of the Shining One.
 29917 | D:15     | Entered Level 15 of the Dungeon
 29964 | D:15     | Received a gift from Okawaru
 29964 | D:15     | Reached skill level 3 in Translocations
 30115 | D:15     | Received a gift from Okawaru
 30156 | D:15     | Received a gift from Okawaru
 30183 | D:15     | Found a shattered altar of Ashenzari.
 30287 | D:15     | Reached skill level 4 in Translocations
 30321 | D:15     | Received a gift from Okawaru
 30382 | D:15     | Found a staircase to the Depths.
 30461 | D:15     | Identified a scroll of torment
 30498 | D:15     | Reached skill level 6 in Spellcasting
 30628 | D:15     | Reached skill level 4 in Dodging
 30639 | D:15     | Reached XP level 15. HP: 144/147 MP: 24/24
 30885 | D:15     | Reached skill level 6 in Armour
 31216 | Elf:1    | Entered Level 1 of the Elven Halls
 31287 | Elf:1    | Received a gift from Okawaru
 31478 | Elf:1    | Reached skill level 13 in Fighting
 31695 | Elf:1    | Identified a scroll of random uselessness
 31783 | Elf:1    | HP: 6/148 [earth elemental[a deep elf elementalist] (24)]
 31789 | Elf:1    | Mangled by an earth elemental

Skill      XL: |  1  2  3  4  5  6  7  8  9 10 11 12 13 14 15 |
---------------+----------------------------------------------+-----
Conjurations   | 1 2 3 4 |  4.3
Throwing       | 1 2 3 |  3.7
Fighting       | 1 2 3 4 7 9 11 12 13 | 13.0
Bows           | 2 5 9 11 13 14 16 20 21 | 21.0
Armour         | 1 4 5 6 |  6.2
Invocations    | 4 6 |  6.0
Dodging        | 3 4 |  4.6
Air Magic      | 1 2 |  2.1
Spellcasting   | 3 6 |  6.0
Fire Magic     | 2 |  2.2
Poison Magic   | 2 |  2.1
Translocations | 4 |  4.0
Stealth        | |  1.3
Summonings     | |  0.8

Action                   |  1- 3 |  4- 6 |  7- 9 | 10-12 | 13-15 || total
-------------------------+-------+-------+-------+-------+-------++-------
Melee: Unarmed           |    66 |    34 |       |       |       ||   100
       Kick              |    11 |    21 |    63 |   162 |    61 ||   318
       Dagger            |       |    89 |    41 |    88 |       ||   218
       Quarterstaff      |       |       |   270 |   561 |   198 ||  1029
 Fire: Shortbow          |       |       |    75 |   655 |       ||   730
       Longbow           |       |       |       |    82 |   604 ||   686
Throw: Stone             |     3 |    17 |       |       |       ||    20
 Cast: Magic Dart        |   111 |    81 |       |       |       ||   192
Invok: Recall Ancestor   |       |       |     1 |     2 |       ||     3
       Ancestor Life: He |       |       |     1 |       |       ||     1
Evoke: Wand              |       |     8 |       |    13 |       ||    21
  Use: Scroll            |       |     6 |     7 |    19 |     7 ||    39
       Potion            |       |       |       |     8 |     3 ||    11
 Stab: Paralysed         |       |       |     3 |    10 |     5 ||    18
       Distracted        |       |       |       |     3 |       ||     3
       Confused          |       |       |       |       |     1 ||     1
  Eat: Chunk             |     4 |     4 |    16 |    38 |    11 ||    73
       Ration            |       |     1 |       |     2 |     1 ||     4
Armor: Robe              |    31 |    16 |       |       |       ||    47
       Ring mail         |       |     8 |       |       |       ||     8
       Scale mail        |       |    59 |   235 |   606 |   238 ||  1138
Dodge: Dodged            |    38 |    80 |   104 |   333 |    84 ||   639
